AoeStats
← Gjallarhorn

Nomad

503345394Analyzed
1v1 RM · 1mo ago on Aug 31, 2026· 56m 54s· 2 players
Game mode
Random Map
Map size
126×126
Population
200
Speed
Normal
Resources
Standard
Victory
Conquest
Starting age
Dark Age
Ending age
Imperial Age
RankedLock teamsTeams togetherTeam positionsShared explorationLock speedFull tech treeHidden civsTurbo modeCheats
Victory
Defeat
🇩🇪 Vikings · Germany
712
+17
🇳🇱 Portuguese · Netherlands
744
-17
Gjallarhorn
9:34 Loom
13:27 Feudal Age
14:26 Double-Bit Axe
17:13 Fletching
24:23 Castle Age
25:18 Squires
24:44 Man-at-Arms
25:40 Gambesons
26:07 Crossbowman
27:02 Long Swordsman
27:28 Arson
28:14 Padded Archer Armor
32:00 Town Watch
33:28 Bodkin Arrow
34:39 Scale Mail Armor
34:50 Forging
34:58 Guard Tower
37:17 Bow Saw
39:00 Ballistics
39:43 Chain Mail Armor
42:15 Iron Casting
46:05 Imperial Age
45:14 Horse Collar
46:47 Town Patrol
48:07 Conscription
47:51 Bogsveigar
50:48 Arbalester
52:36 Two-Man Saw
52:56 Bracer
53:13 Leather Archer Armor
55:01 Chieftains
55:04 Two-Handed Swordsman
stephenskocpol
5:46 Loom
15:21 Feudal Age
16:04 Double-Bit Axe
16:01 Horse Collar
16:17 Gold Mining
17:44 Wheelbarrow
16:54 Town Watch
17:39 Fishing Lines
19:14 Stone Mining
23:05 Bloodlines
27:10 Castle Age
27:51 Scale Barding Armor
27:56 Forging
29:50 Hand Cart
29:20 Town Watch
29:20 Light Cavalry
33:45 Husbandry
35:29 Bow Saw
35:58 Padded Archer Armor
36:25 Chain Barding Armor
37:48 Gillnets
40:45 Town Patrol
44:00 Iron Casting
47:16 Imperial Age
45:23 Fervor
45:36 Sanctity
45:12 Herbal Medicine
49:09 Chemistry
48:45 Elite Caravel
53:22 Arquebus
52:53 Man-at-Arms
53:18 Gambesons
53:19 Arson
52:55 Pikeman
54:25 Long Swordsman
55:12 Fletching
55:22 Padded Archer Armor
55:23 Scale Mail Armor
55:45 Bodkin Arrow
55:17 Crossbowman
57:06 Leather Archer Armor
56:16 Two-Handed Swordsman
Connection lost

Rejoining the realm…

Still unreachable

The connection could not be restored.

Session expired

The server has moved on; the page needs a fresh start.